 Dungeon Crawl Stone Soup version 0.25-a0-97-g19cdb01801 (webtiles) character file.

Game seed: 10385698899848523788, levelgen mode: deterministic

18025 Gumeeho the Cleaver (level 12, -6/104 HPs)
             Began as a Hill Orc Fighter on Nov 12, 2019.
             Was a High Priest of Okawaru.
             Killed from afar by a crystal guardian (63 damage)
             ... with a crystal bolt
             ... on level 12 of the Dungeon.
             The game lasted 00:28:06 (10576 turns).

Gumeeho the Cleaver (Hill Orc Fighter)             Turns: 10576, Time: 00:28:08

Health: -6/104     AC: 24    Str: 31    XL:     12   Next: 54%
Magic:  20/26      EV: 13    Int:  8    God:    Okawaru [*****.]
Gold:   589        SH: 14    Dex: 13    Spells: 11/11 levels left

rFire    + + .     SeeInvis +   T - +7 broad axe (drain)
rCold    x . .     Gourm    .   c - +0 shield
rNeg     . . .     Faith    .   D - +2 fire dragon scales
rPois    +         Spirit   .   I - +1 helmet
rElec    .         Reflect  .   i - +0 cloak
rCorr    .         Harm     .   b - +2 pair of gloves {Dex+3}
MR       .....                  w - +0 pair of boots
Stlth    +.........             l - amulet of regeneration
HPRegen  0.67/turn              u - ring of see invisible
MPRegen  0.20/turn              e - ring of magical power

@: mighty, heroism, finesse
A: deterioration 1, poison resistance, strong 1, MP-powered wands
a: Heroism, Finesse, Renounce Religion


You were on level 12 of the Dungeon.
You worshipped Okawaru.
Okawaru was extremely pleased with you.
You were not hungry.

You visited 2 branches of the dungeon, and saw 13 of its levels.
You also visited: Sewer, Ossuary and Bailey.

You collected 1068 gold pieces.
You spent 479 gold pieces at shops.

Inventory:

Hand Weapons
 T - a +7 broad axe of draining (weapon)
Missiles
 t - 55 poisoned darts
 B - 3 throwing nets
 E - 12 javelins (quivered)
 F - 20 boomerangs
 N - 5 silver javelins
 V - 8 atropa-tipped darts
Armour
 b - a +2 pair of gloves of dexterity (worn)
 c - a +0 shield (worn)
 i - a +0 cloak (worn)
 w - a +0 pair of boots (worn)
 D - +2 fire dragon scales (worn)
 G - the +1 ring mail "Aghuge" {rPois Dex-4 Slay+2}
   (You bought it in a shop on level 5 of the Dungeon)

   It affects your dexterity (-4).
   It affects your accuracy and damage with ranged weapons and melee attacks
   (+2).
   It protects you from poison.
 I - a +1 helmet (worn)
Magical Staves
 A - an uncursed staff of power {unknown}
Jewellery
 e - a ring of magical power (right hand)
 k - an uncursed ring of magical power
 l - an amulet of regeneration (around neck)
 u - a ring of see invisible (left hand)
 y - the amulet "Luzae" {Gourm Str+6}
   (You found it on level 10 of the Dungeon)

   [amulet of the gourmand]

   It allows you to eat raw meat even when not hungry.
   It affects your strength (+6).
 J - an uncursed ring of flight
 W - an uncursed ring of poison resistance {unknown}
Wands
 K - a wand of random effects (28)
 L - a wand of flame (20)
 P - a wand of acid (5)
 Y - a wand of paralysis (10)
Scrolls
 a - a scroll of identify
 h - 5 scrolls of teleportation
 m - 2 scrolls of blinking
 r - a scroll of amnesia
 s - 6 scrolls of remove curse
 x - 2 scrolls of fear
 C - a scroll of immolation
 M - 2 scrolls of magic mapping
Potions
 d - 7 potions of might
 j - 4 potions of heal wounds
 n - 4 potions of agility
 o - 3 potions of lignification
 p - 9 potions of curing
 q - 3 potions of flight
 v - 2 potions of magic
 z - a potion of degeneration
 H - 2 potions of haste
 O - a potion of berserk rage
 Q - a potion of cancellation
 R - a potion of brilliance
 S - a potion of invisibility {unknown}
Comestibles
 f - 24 rations


   Skills:
 + Level 9.3(14.3) Fighting
 + Level 14.9(19.9) Axes
 * Level 8.0(13.0) Throwing
 * Level 8.8(13.8) Armour
 + Level 9.1(14.1) Shields
 * Level 7.6 Invocations


You had 11 spell levels left.
You didn't know any spells.
Your spell library contained the following spells:

 Spells                   Type           Power        Failure   Level  Hunger
 Beastly Appendage        Tmut           #.....       65%         1    ##.....
 Flame Tongue             Conj/Fire      #....        65%         1    ##.....
 Magic Dart               Conj           #...         65%         1    ##.....
 Blink                    Tloc           N/A          80%         2    ###....
 Call Imp                 Summ           #.......     80%         2    ###....
 Searing Ray              Conj           #.....       80%         2    ###....
 Slow                     Hex            #.......     80%         2    ###....
 Sticks to Snakes         Tmut           #.......     80%         2    ###....
 Throw Flame              Conj/Fire      #.....       80%         2    ###....
 Conjure Flame            Conj/Fire      #.......     95%         3    ####...
 Dazzling Spray           Conj/Hex       #.....       95%         3    ####...
 Inner Flame              Hex/Fire       #.......     95%         3    ####...
 Mephitic Cloud           Conj/Pois/Air  #.......     95%         3    ####...
 Spider Form              Tmut/Pois      #.........   95%         3    ####...
 Static Discharge         Conj/Air       #.......     95%         3    ####...
 Force Lance              Conj/Tloc      #.......     100%        4    #####..
 Fulminant Prism          Conj/Hex       #.........   100%        4    #####..
 Ice Form                 Ice/Tmut       #.......     100%        4    #####..
 Iskenderun's Mystic Bla  Conj           #.......     100%        4    #####..
 Sticky Flame             Conj/Fire      #.......     100%        4    #####..
 Blade Hands              Tmut           #.........   100%        5    ######.
 Fireball                 Conj/Fire      #.........   100%        5    ######.
 Lightning Bolt           Conj/Air       #.........   100%        5    ######.
 Ignition                 Fire           #.........   100%        8    #######
 Shatter                  Erth           #.........   100%        9    #######
 Tornado                  Air            #.........   100%        9    #######


Dungeon Overview and Level Annotations

Branches:
Dungeon (12/15)            Temple (1/1) D:6            Lair (0/6) D:9
    Orc (0/2) D:9           Sewer (visited)         Ossuary (visited)
 Bailey (visited)

Altars:
Ashenzari
Cheibriados
Dithmenos
Elyvilon
Fedhas
Gozag
Hepliaklqana
Kikubaaqudgha
Makhleb
Nemelex Xobeh
Okawaru
Qazlal
Ru
Sif Muna
Trog
Uskayaw
Vehumet
Wu Jian
Xom
Yredelemnul
Zin
The Shining One

Shops:
D:5 [=!![   D:6 :   D:7 (

Annotations:
D:5 , 2 runed translucent doors
D:8 exclusion: 2 doors


Innate Abilities, Weirdness & Mutations

Your body sometimes deteriorates upon taking damage.
Your system is resistant to poisons. (rPois)
Your muscles are strong. (Str +2)
You expend magic power (3 MP) to strengthen your wands.


Message History

Found 20 gold pieces, a lightning rod (4/4) and 14 poisoned darts.
There is an open translucent door here.
Throwing (i - inventory. (/) - cycle)
E - 13 javelins (quivered)
Press: ? - help, Shift-Dir - straight line, f - crystal guardian
Aim: a crystal guardian
Okay, then.
You feel very mighty all of a sudden.
The crystal guardian fires a crystalline bolt at you.
The crystal bolt freezes you!!!
You feel a terrible chill! The crystal bolt freezes you!
You feel a terrible chill!
Throwing (i - inventory. (/) - cycle)
E - 13 javelins (quivered)
Press: ? - help, Shift-Dir - straight line, f - crystal guardian
Aim: a crystal guardian You throw a javelin.
The javelin pierces through the crystal guardian!!
The crystal guardian is moderately damaged.
The crystal guardian fires a crystalline bolt at you.
The crystal bolt freezes you!!!
You feel a terrible chill!
Ouch! That really hurt!
You die...

..........≈# #≈..#
.......###≈#...$...}(#≈..#
.......# #≈#..$$(....#≈..#
.(.....# #≈#...[..$..#≈..#
.......# #≈#....$!$..#≈.##
.......# #≈#!$......$#≈.#
.......###≈#(:.)...:.#≈.#
..........≈#..8....8.#≈##
..........≈# ##@## #≈##
..........≈#####≈#####≈.##
..........≈≈≈≈≈≈≈≈≈≈≈≈≈..#
...........##..###+......#
...##''##..#........#....#
...#....#..#........#....#
...#....#..#........#....#
...#....#..#........#....#
##.#....#.†##########....#


You could see 2 crystal guardians.

Vanquished Creatures
  Snorg (D:11)
  2 two-headed ogres
  5 skeletal warriors (D:11)
  An orange crystal statue (D:12)
  An ugly thing (D:12)
  The ghost of lollipopguild the Slinger, a novice HaHu of Dithmenos (D:7)
  2 centaur skeletons (D:7)
  A kobold demonologist (D:12)
  The ghost of soark the Conjurer, a novice DEFE of Vehumet (D:5)
  A troll (D:12)
  A hornet (D:10)
  2 dream sheep (D:8)
  4 hippogriffs
  2 wyverns
  12 yaks
  Grum (D:9)
  5 vampire mosquitoes (D:12)
  4 wargs (D:9)
  A hungry ghost (D:8)
  Duvessa (D:6)
  10 orc warriors
  An ice beast (D:11)
  Purgy (Sewer)
  A black bear (D:8)
  3 phantoms
  5 sky beasts
  6 ogres
  2 wolves (D:9)
  3 centaurs
  A crocodile (D:11)
  3 big kobolds (D:8)
  2 bullfrogs
  2 gnoll sergeants
  Dowan (D:6)
  A wyvern skeleton (D:8)
  5 scorpions
  4 killer bees (D:11)
  8 wights
  A howler monkey (D:9)
  An electric eel (D:8)
  5 crimson imps
  A bullfrog zombie (D:11)
  3 centaur zombies
  4 jellies
  6 orc priests
  9 orc wizards
  6 hounds
  3 bullfrog skeletons
  An iguana (D:11)
  7 worker ants
  A killer bee zombie (D:5)
  2 hound skeletons
  8 mummies (Ossuary)
  3 worker ant zombies
  16 gnolls
  19 adders
  2 shadow imps
  4 oozes
  An adder zombie (D:10)
  4 worms
  7 dart slugs
  4 leopard geckos
  38 orcs
  A ball python (D:5)
  5 giant cockroaches
  3 gnoll zombies
  12 goblins
  11 hobgoblins
  6 jackals
  2 quokkas
  9 bats
  8 frilled lizards
  A hobgoblin zombie (Ossuary)
  10 kobolds
  2 kobold zombies (Ossuary)
  3 orc zombies (Ossuary)
  2 quokka skeletons
  6 rats
  A rat zombie (D:7)
346 creatures vanquished.

Notes
Turn   | Place    | Note
-------+----------+-------------------------------------------
     0 | D:1      | Gumeeho the Hill Orc Fighter began the quest for the Orb.
     0 | D:1      | Reached XP level 1. HP: 19/19 MP: 1/1
    62 | D:1      | Reached XP level 2. HP: 20/27 MP: 2/2
   119 | D:1      | Reached skill level 3 in Axes
   494 | D:1      | Reached XP level 3. HP: 31/33 MP: 3/3
   831 | D:2      | Reached skill level 4 in Axes
   863 | D:2      | Reached XP level 4. HP: 35/40 MP: 4/4
  1004 | D:2      | Reached skill level 5 in Axes
  1219 | D:2      | Reached XP level 5. HP: 46/46 MP: 5/5
  1582 | D:3      | Noticed a centaur
  1595 | D:3      | Killed a centaur
  1595 | D:3      | Reached skill level 6 in Axes
  1595 | D:3      | Reached XP level 6. HP: 31/53 MP: 6/6
  1964 | D:4      | Found a glowing drain.
  2027 | D:4      | Found a shadowy altar of Dithmenos.
  2055 | Sewer    | Entered a sewer
  2065 | Sewer    | Noticed Purgy
  2074 | Sewer    | Killed Purgy
  2252 | D:4      | Found a radiant altar of Vehumet.
  2332 | D:4      | Reached skill level 7 in Axes
  2368 | D:4      | Reached XP level 7. HP: 60/60 MP: 7/7
  2523 | D:4      | Found a white marble altar of Elyvilon.
  2590 | D:5      | Entered Level 5 of the Dungeon
  2600 | D:5      | Found Dagikhlosh's Jewellery Boutique.
  2642 | D:5      | Found a shimmering altar of Xom.
  2642 | D:5      | Found an ornate altar of the Wu Jian Council.
  2655 | D:5      | Found Qeph's Distillery.
  2680 | D:5      | Found a transporter.
  2686 | D:5      | Reached skill level 8 in Axes
  2688 | D:5      | Noticed soark's ghost (novice DEFE)
  2718 | D:5      | Found a transporter.
  2783 | D:5      | Found Suhykh's Distillery.
  2826 | D:5      | Reached skill level 5 in Fighting
  2826 | D:5      | Reached skill level 5 in Shields
  2859 | D:5      | Reached skill level 1 in Throwing
  2859 | D:5      | Reached XP level 8. HP: 64/68 MP: 8/8
  2887 | D:5      | Found Diokhuups's Antique Armour Emporium.
  2890 | D:5      | Bought a smoking ring mail for 243 gold pieces
  2900 | D:5      | Identified the cursed +1 ring mail "Aghuge" {rPois Dex-4
                  | Slay+2} (You bought it in a shop on level 5 of the Dungeon)
  2953 | D:5      | Found an iron altar of Okawaru.
  3140 | D:5      | Found Aleupn's Armour Emporium.
  3148 | D:5      | Bought a +0 helmet for 54 gold pieces
  3164 | D:5      | Reached skill level 5 in Armour
  3247 | D:5      | Found a runed translucent door.
  3248 | D:5      | Found a runed translucent door.
  3311 | D:5      | Reached skill level 9 in Axes
  3498 | D:5      | Killed soark's ghost
  3680 | D:6      | Found a glowing silver altar of Zin.
  3693 | D:6      | Reached skill level 10 in Axes
  3742 | D:6      | Reached XP level 9. HP: 75/75 MP: 9/9
  3939 | D:6      | Found a staircase to the Ecumenical Temple.
  3977 | D:6      | Noticed Dowan
  3985 | Temple   | Entered the Ecumenical Temple
  4185 | D:5      | Became a worshipper of Warmaster Okawaru
  4211 | D:6      | Reached skill level 11 in Axes
  4227 | D:6      | Noticed Duvessa
  4241 | D:6      | Killed Duvessa
  4254 | D:6      | Killed Dowan
  4581 | D:6      | Found Cinlong's Book Shop.
  4977 | D:7      | Reached * piety under Okawaru
  5206 | D:7      | Reached skill level 12 in Axes
  5230 | D:7      | Found a sand-covered staircase.
  5239 | Ossuary  | Entered an ossuary
  5304 | Ossuary  | Reached XP level 10. HP: 83/86 MP: 10/10
  5480 | D:7      | Found Orazaqaq's Antique Weapon Shoppe.
  5492 | D:7      | Bought a runed broad axe for 182 gold pieces
  5581 | D:7      | Found an ancient bone altar of Kikubaaqudgha.
  5852 | D:7      | Found a snail-covered altar of Cheibriados.
  5881 | D:7      | Found a large runed translucent door.
  5882 | D:7      | Found a large runed translucent door.
  5885 | D:7      | Noticed lollipopguild's ghost (novice HaHu)
  6086 | D:7      | Killed lollipopguild's ghost
  6086 | D:7      | Reached skill level 1 in Invocations
  6260 | D:8      | Reached ** piety under Okawaru
  6322 | D:8      | Gained mutation: Your muscles are strong. (Str +2) [potion
                  | of mutation]
  6322 | D:8      | Gained mutation: You have a pair of small horns on your
                  | head. [potion of mutation]
  6322 | D:8      | Gained mutation: You expend magic power (3 MP) to
                  | strengthen your wands. [potion of mutation]
  6322 | D:8      | Gained mutation: Your mind is acute. (Int +2) [potion of
                  | mutation]
  6478 | D:8      | Reached skill level 5 in Throwing
  6479 | D:8      | Reached skill level 13 in Axes
  6559 | D:8      | Noticed a two-headed ogre
  6574 | D:8      | Killed a two-headed ogre
  6574 | D:8      | Reached *** piety under Okawaru
  6595 | D:8      | Found a sacrificial altar of Ru.
  6977 | D:9      | Reached **** piety under Okawaru
  6987 | D:9      | Received a gift from Okawaru
  6987 | D:9      | Reached XP level 11. HP: 79/94 MP: 14/14
  6997 | D:9      | Found a shattered altar of Ashenzari.
  7030 | D:9      | Noticed Grum
  7038 | D:9      | Killed Grum
  7103 | D:9      | Found a staircase to the Lair.
  7288 | D:9      | Reached skill level 5 in Invocations
  7298 | D:9      | Found a staircase to the Orcish Mines.
  7314 | D:9      | Found a bloodstained altar of Trog.
  7314 | D:9      | Found a hazy altar of Hepliaklqana.
  7322 | D:9      | Found a sparkling altar of Nemelex Xobeh.
  7329 | D:9      | Reached ***** piety under Okawaru
  7347 | D:9      | Reached skill level 14 in Axes
  7430 | D:9      | You fall into a shaft and drop 1 floor!
  7430 | D:10     | Entered Level 10 of the Dungeon
  7606 | D:10     | Got a fine graven amulet
  7607 | D:10     | Identified the amulet "Luzae" {Gourm Str+6} (You found it
                  | on level 10 of the Dungeon)
  7619 | D:10     | Found a flagged portal.
  7627 | Bailey   | Entered a bailey
  9166 | D:11     | Noticed Snorg
  9180 | D:11     | HP: 3/95 [Snorg (16)]
  9181 | D:11     | Killed Snorg
  9365 | D:11     | Received a gift from Okawaru
  9421 | D:11     | Lost mutation: Your mind is acute. (Int +2) [potion of
                  | mutation]
  9421 | D:11     | Gained mutation: Your body sometimes deteriorates upon
                  | taking damage. [potion of mutation]
  9421 | D:11     | Lost mutation: You have a pair of small horns on your head.
                  | [potion of mutation]
  9421 | D:11     | Gained mutation: Your system is resistant to poisons.
                  | (rPois) [potion of mutation]
  9471 | D:11     | Noticed a skeletal warrior
  9472 | D:11     | Noticed a skeletal warrior
  9472 | D:11     | Noticed a skeletal warrior
  9472 | D:11     | Noticed a skeletal warrior
  9484 | D:11     | Killed a skeletal warrior
  9490 | D:11     | Killed a skeletal warrior
  9492 | D:11     | Killed a skeletal warrior
  9492 | D:11     | Reached XP level 12. HP: 88/104 MP: 16/16
  9584 | D:11     | Noticed a two-headed ogre
  9598 | D:11     | Killed a two-headed ogre
  9986 | D:12     | Found a runed translucent door.
 10574 | D:12     | Noticed a crystal guardian
 10574 | D:12     | Noticed a crystal guardian
 10576 | D:12     | Killed from afar by a crystal guardian

Levels and vault maps discovered:
D:1:      mrwooster_arrival_statue, layout_basic, hex_medium
D:2:      layout_basic
D:3:      layout_rooms
D:4:      layout_basic, kennysheep_mini_moat, lemuel_crystal_altar,
          gup_sewer_entry_glass, elyvilon_altar_4
D:5:      lemuel_insect_pit, layout_basic, kennysheep_little_box,
          gammafunk_temple_overflow_elements, gammafunk_ghost_arena,
          first_ration, serial_shops, shop, kennysheep_mini,
          nicolae_shop_behind_doors, nicolae_shop_stone, shop_fountains,
          water_boxes_lemuel
D:6:      layout_cave_pods, nicolae_overflow_crystal_walls,
          minmay_temple_entry_waves, serial_shops, nicolae_shop_crystal,
          uniq_duvessa
D:7:      layout_cave_pods, cheibrodos_worm_habitat, lemuel_crystal_altar,
          enter_ossuary_3, serial_shops, shop_fountains,
          ebering_ghost_disaster_area
D:8:      layout_basic, old_standard_altar, hangedman_ranch
          [blue_anna_fruit_fields]
D:9:      layout_loops_ring, nemelex_xobeh_ov_fountains_minmay,
          gammafunk_temple_overflow_wave, nicolae_ashenzari_panopticon,
          lair_entry_dummy, minmay_orc_entry_guard_dogs, uniq_grum
D:10:     layout_basic, enter_bailey_2
D:11:     layout_roguey, uniq_snorg
D:12:     layout_irregular_city, minmay_crystal_box
Temple:   dpeg_three_leaves_temple

Skill      XL: |  1  2  3  4  5  6  7  8  9 10 11 12 |
---------------+-------------------------------------+-----
Axes           | 3 4 5 6 7 8 10 12 13 14 | 14.9
Fighting       | 4 5 7 8 9 |  9.3
Shields        | 4 5 6 7 8 9 |  9.1
Armour         | 4 5 6 8 |  8.8
Throwing       | 1 2 4 5 6 8 |  8.0
Invocations    | 4 6 7 |  7.6

Action                   |  1- 3 |  4- 6 |  7- 9 | 10-12 || total
-------------------------+-------+-------+-------+-------++-------
Melee: War axe           |    97 |   181 |   360 |    23 ||   661
       Broad axe         |       |       |       |   330 ||   330
       Headbutt          |       |       |       |    45 ||    45
Throw: Dart              |       |     1 |    25 |    87 ||   113
       Javelin           |       |       |     3 |    27 ||    30
       Boomerang         |       |       |    11 |    50 ||    61
Invok: Heroism           |       |       |       |     2 ||     2
       Finesse           |       |       |       |     2 ||     2
Evoke: Wand              |       |       |       |     1 ||     1
  Use: Potion            |       |     1 |       |     3 ||     4
       Scroll            |       |       |     1 |    29 ||    30
  Eat: Chunk             |       |     5 |    10 |    14 ||    29
       Ration            |       |       |       |     1 ||     1
Armor: Scale mail        |    59 |    95 |    18 |       ||   172
       Ring mail         |       |       |   102 |    58 ||   160
       Fire dragon scale |       |       |       |    54 ||    54
Dodge: Dodged            |    40 |    68 |    68 |    94 ||   270
Block: Shield            |    43 |    84 |   159 |   168 ||   454

Table legend:
 A = Non-vault XP
 B = Vault XP
 C = Vault XP percentage of total XP
 D = Non-vault monster count
 E = Vault monster count
 F = Vault count percentage of total count
                 A         B        C        D         E       F
            +---------+---------+-------+---------+---------+-------
      Total |   19356 |    6395 |  24.8 |     277 |      69 |  19.9
            +---------+---------+-------+---------+---------+-------
        D:1 |      50 |       0 |   0.0 |      26 |       0 |   0.0
        D:2 |     144 |       0 |   0.0 |      25 |       0 |   0.0
        D:3 |     159 |       0 |   0.0 |      25 |       0 |   0.0
        D:4 |     109 |      28 |  20.4 |       6 |       3 |  33.3
        D:5 |     850 |     340 |  28.6 |      23 |       4 |  14.8
        D:6 |    1566 |     218 |  12.2 |      37 |       2 |   5.1
        D:7 |    1235 |     537 |  30.3 |      19 |       4 |  17.4
        D:8 |    2304 |    1119 |  32.7 |      27 |       6 |  18.2
        D:9 |    2212 |    1078 |  32.8 |      16 |       7 |  30.4
       D:10 |    1236 |       0 |   0.0 |      24 |       0 |   0.0
       D:11 |    6178 |    1145 |  15.6 |      28 |       1 |   3.4
       D:12 |    3313 |     670 |  16.8 |      21 |       1 |   4.5
      Sewer |       0 |     134 | 100.0 |       0 |       6 | 100.0
    Ossuary |       0 |     165 | 100.0 |       0 |      16 | 100.0
     Bailey |       0 |     961 | 100.0 |       0 |      19 | 100.0
            +---------+---------+-------+---------+---------+-------
